 Dungeon Crawl Stone Soup version 0.27-a0-1312-g5cdb2b3542 (webtiles) character file.

Game seed: 10779569963729966955

1819 dolemite99 the Cleaver (level 8, -12/68 HPs)
             Began as a Deep Dwarf Fighter on June 20, 2021.
             Mangled by a two-headed ogre (14 damage)
             ... on level 6 of the Dungeon.
             The game lasted 00:11:13 (6252 turns).

dolemite99 the Cleaver (Deep Dwarf Fighter)         Turns: 6252, Time: 00:11:14

Health: -12/68     AC: 13    Str: 22    XL:     8   Next: 85%
Magic:  2/2        EV:  4    Int:  9    God:
Gold:   358        SH:  9    Dex: 12    Spells: 7/7 levels left

rFire    + . .     SeeInvis .   b - +1 whip (elec)
rCold    . . .     Faith    .   c - +0 kite shield
rNeg     . . .     Spirit   .   n - +0 plate armour
rPois    .         Reflect  .   (no helmet)
rElec    .         Harm     .   (no cloak)
rCorr    .         Rampage  .   B - +1 pair of gloves
Will     +....                  (no boots)
Stlth    ..........             (no amulet)
HPRegen  0.00/turn              v - ring of flight
MPRegen  0.08/turn              l - ring of protection from fire

@: mighty, flying
A: damage resistance, heal wounds, sense surroundings 1, no regeneration
a: Heal Wounds


You were on level 6 of the Dungeon.
You visited 1 branch of the dungeon, and saw 6 of its levels.
You also visited: Sewer and Ossuary.

You collected 358 gold pieces.

Inventory:

Hand Weapons
 a - a +0 war axe
 b - a +1 whip of electrocution (weapon)
 d - a +1 trident of venom
 q - a +0 hand axe
Missiles
 e - 160 stones
 f - 46 arrows
 h - a throwing net
 i - 72 sling bullets
 C - 17 poisoned darts (quivered)
 D - 2 curare-tipped darts
Armour
 c - a +0 kite shield (worn)
 n - a +0 plate armour (worn)
 r - a +0 scale mail
 B - a +1 pair of gloves (worn)
Magical Staves
 j - a staff of poison
Jewellery
 l - a ring of protection from fire (right hand)
 t - an amulet of magic regeneration
 v - a ring of flight (left hand)
Scrolls
 k - 2 scrolls of teleportation
 y - a scroll of summoning
 H - 2 scrolls of enchant weapon {unknown}
 I - 2 scrolls of vulnerability
Potions
 g - a potion of brilliance
 m - a potion of cancellation {unknown}
 o - a potion of invisibility {unknown}
 p - 5 potions of curing
 u - 2 potions of attraction
 w - a potion of flight {unknown}
 x - 2 potions of mutation {unknown}
 z - 3 potions of degeneration {unknown}
 A - a potion of haste {unknown}
 E - 2 potions of magic {unknown}
 F - a potion of heal wounds {unknown}
 G - 2 potions of might


   Skills:
 - Level 2.6 Fighting
 - Level 12.1(12.2) Axes
 + Level 1.9(7.5) Maces & Flails
 - Level 3.2 Armour
 - Level 3.2 Shields


You had 7 spell levels left.
You didn't know any spells.
Your spell library was empty.

Dungeon Overview and Level Annotations

Branches:
Dungeon (6/15)              Sewer (visited)         Ossuary (visited)
 Temple: D:4-7

Altars:
Hepliaklqana
Ru


Innate Abilities, Weirdness & Mutations

You are resistant to damage.
You can heal yourself by infusing magical energy.
You passively map a small area around you.
You do not regenerate.


Message History

The two-headed ogre is moderately wounded.
The ufetubus hits you but does no damage.
The ufetubus barely misses you. The hound bites you but does no damage.
Something hits you but does no damage.
The two-headed ogre hits you with a +0 giant club.
You block the two-headed ogre's attack.
You hit the two-headed ogre.
The two-headed ogre is heavily wounded.
The ufetubus hits you but does no damage.
You block the ufetubus's attack. The hound bites you but does no damage.
Something hits you but does no damage. The ufetubus barely misses you.
You block the ufetubus's attack.
The two-headed ogre hits you with a +0 giant club!
The two-headed ogre hits you with a +0 giant spiked club!!
The hound bites you but does no damage.
You hit the two-headed ogre.
Lightning courses through the two-headed ogre!!
The two-headed ogre is almost dead.
The ufetubus hits you but does no damage.
The ufetubus barely misses you. The hound bites you but does no damage.
Something hits you but does no damage.
The two-headed ogre hits you with a +0 giant club.
The two-headed ogre hits you with a +0 giant spiked club!
You hit the two-headed ogre but do no damage.
The two-headed ogre is almost dead.
You block the ufetubus's attack.
The ufetubus hits you but does no damage.
You block the hound's attack. Something hits you but does no damage.
The ufetubus barely misses you.
The ufetubus hits you but does no damage.
The hound bites you but does no damage.
You hit the two-headed ogre.
The two-headed ogre is almost dead.
You block the ufetubus's attack.
The ufetubus hits you but does no damage.
The hound barely misses you.
The two-headed ogre hits you with a +0 giant club!!
* * * LOW HITPOINT WARNING * * *
The two-headed ogre hits you with a +0 giant spiked club!
You die...

, ........... .......
#........#####...) , ,
* #.........####.... ,
, #.................
,, #........#....#..#
8#####8.............##
,
......#.........#...#
, , #.{..###>.......##
* ,#@h.$# #....#.....
, ,#5O#.# #....).....
, , ###........##.....
8 * ........##.....
.........##..... , *
.........##..... *
##########..... ####..
#..


You could see a two-headed ogre, a hound and an ufetubus.

Vanquished Creatures
  Grinder (D:6)
  Menkaure (D:5)
  2 water moccasins (D:5)
  An ice beast (D:5)
  A phantom (D:5)
  5 kobold brigands (Sewer)
  A scorpion (D:2)
  A water moccasin skeleton (D:4)
  A howler monkey (D:4)
  A human zombie (Ossuary)
  A gnoll shaman (D:6)
  2 orc wizards
  An iguana (D:6)
  Natasha (twice) (D:3)
  A hound skeleton (D:5)
  4 mummies (Ossuary)
  13 adders
  10 gnolls
  2 river rats (Sewer)
  A white imp (D:5)
  An ufetubus (D:5)
  An adder skeleton (D:4)
  3 adder zombies (Ossuary)
  6 worms
  2 dart slugs
  9 orcs
  7 bats
  10 endoplasms
  6 giant cockroaches
  3 goblins
  6 hobgoblins
  11 jackals
  12 kobolds
  2 quokkas
  8 ball pythons
  4 frilled lizards
  A goblin zombie (Ossuary)
  A hobgoblin zombie (Ossuary)
  A jackal zombie (Ossuary)
  2 kobold zombies (Ossuary)
  2 orc zombies (Ossuary)
  8 rats
  A rat zombie (Ossuary)
159 creatures vanquished.

Notes
Turn   | Place    | Note
-------+----------+-------------------------------------------
     0 | D:1      | dolemite99 the Deep Dwarf Fighter began the quest for the
                  | Orb.
     0 | D:1      | Reached XP level 1. HP: 20/20 MP: 1/1
    85 | D:1      | Reached skill level 3 in Axes
    85 | D:1      | Reached XP level 2. HP: 25/27 MP: 2/2
   238 | D:1      | Found a faded altar of an unknown god.
   319 | D:1      | Reached XP level 3. HP: 30/33 MP: 3/3
   326 | D:1      | Reached skill level 4 in Axes
   592 | D:2      | Noticed a scorpion
   605 | D:2      | Killed a scorpion
   606 | D:2      | Reached skill level 5 in Axes
   606 | D:2      | Reached XP level 4. HP: 14/40 MP: 4/4
   851 | D:2      | Reached XP level 5. HP: 37/46 MP: 4/4
  1102 | D:1      | Reached skill level 6 in Axes
  1855 | D:3      | Found a sacrificial altar of Ru.
  1986 | D:3      | Noticed Natasha
  1995 | D:3      | Killed Natasha
  2183 | D:3      | Noticed Natasha
  2191 | D:3      | Killed Natasha
  2192 | D:3      | Reached skill level 7 in Axes
  2192 | D:3      | Reached XP level 6. HP: 18/55 MP: 4/4
  3413 | D:5      | Entered Level 5 of the Dungeon
  3461 | D:5      | Found a glowing drain.
  3486 | D:5      | Reached skill level 8 in Axes
  3493 | Sewer    | Entered a sewer
  3734 | Sewer    | Reached XP level 7. HP: 17/61 MP: 5/5
  4029 | Sewer    | Reached skill level 9 in Axes
  4593 | D:5      | Reached skill level 10 in Axes
  4663 | D:5      | Reached XP level 8. HP: 46/68 MP: 5/5
  4848 | D:5      | Noticed Menkaure
  4877 | D:5      | HP: 3/68 [Menkaure (12)]
  4883 | D:5      | Killed Menkaure
  4884 | D:5      | Reached skill level 11 in Axes
  5394 | D:5      | Found a hazy altar of Hepliaklqana.
  5811 | D:6      | Noticed Grinder
  5814 | D:6      | HP: 1/68 [gnoll (4)]
  5825 | D:6      | Killed Grinder
  5826 | D:6      | Reached skill level 12 in Axes
  5906 | D:6      | Found a sand-covered staircase.
  5907 | D:6      | Noticed a two-headed ogre
  5915 | Ossuary  | Entered an ossuary
  5950 | Ossuary  | Reached skill level 1 in Maces & Flails
  6252 | D:6      | HP: 2/68 [two-headed ogre (26)]
  6252 | D:6      | Mangled by a two-headed ogre

Illustrated notes

Levels and vault maps discovered:
D:1:      wander_arrival_chamber, layout_rooms, basic_ecumenical_altar
D:2:      minmay_diamond_boxcup, layout_rooms, serial_co_window_serial,
          co_window_corner_a, co_window_corner_a, co_window_corner_a,
          co_window_corner_a, co_window_corner_a, co_window_corner_a,
          co_window_2corner, co_window_unsneaky_path_e,
          co_window_unsneaky_path_e, co_window_paths_e, glass_columns_b
D:3:      layout_basic, general_overflow_altar, minmay_misc_feat_secret_circle,
          kennysheep_pointless_box, chequers_serial_rivers_micro_a,
          minmay_misc_feat_rugged, hangedman_decor_points, uniq_natasha
D:4:      layout_basic
D:5:      layout_layer_cave, overflow_temple_1_default, gup_sewer_entry_glass,
          uniq_menkaure
D:6:      layout_rooms, lightli_ossuary_entry_decrepit_ruins,
          minmay_manual_mail, uniq_grinder, uniq_eustachio

Skill      XL: |  1  2  3  4  5  6  7  8 |
---------------+-------------------------+-----
Axes           | 3 5 7 8 10 12 | 12.1
Maces & Flails | 1 |  1.9
Fighting       | |  2.6
Armour         | |  3.2
Shields        | |  3.2

Action                   |  1- 3 |  4- 6 |  7- 9 || total
-------------------------+-------+-------+-------++-------
Melee: War axe           |   117 |   117 |   123 ||   357
       Trident           |       |   123 |    47 ||   170
       Whip              |       |       |    69 ||    69
Throw: Dart              |       |     4 |   111 ||   115
 Abil: Heal Wounds       |       |     3 |    12 ||    15
Evoke: Wand              |       |       |     7 ||     7
  Use: Scroll            |       |       |     7 ||     7
       Potion            |       |       |     2 ||     2
Armor: Scale mail        |    60 |    17 |       ||    77
       Plate armour      |       |   142 |   233 ||   375
Dodge: Dodged            |    45 |    36 |    58 ||   139
Block: Kite shield       |    78 |   106 |   159 ||   343

Table legend: (Time is in decaauts)
 A = Elapsed time spent in this place.
 B = Non-inter-level travel time spent in this place.
 C = Inter-level travel time spent in this place.
 D = Time resting spent in this place.
 E = Time spent auto-exploring this place.
 F = Levels seen in this place.
 G = Mean time per level.
                   A        B        C        D        E       F      G
               +--------+--------+--------+--------+--------+-----+--------+
         Total |   6491 |   6323 |    168 |    728 |   3340 |   8 |  811.4 |
       Dungeon |   5072 |   4904 |    168 |    426 |   2883 |   6 |  845.3 |
         Sewer |   1090 |   1090 |      0 |    202 |    418 |   1 | 1090.0 |
       Ossuary |    327 |    327 |      0 |    100 |     39 |   1 |  327.0 |
               +--------+--------+--------+--------+--------+-----+--------+

Top non-repeatable levels by time:
     D:5: 1341 daAuts
   Sewer: 1090 daAuts
     D:4: 1062 daAuts
     D:3: 979 daAuts
     D:2: 813 daAuts
     D:1: 702 daAuts
 Ossuary: 327 daAuts
     D:6: 174 daAuts
